 Dungeon Crawl Stone Soup version 0.31-a0-229-g1fc7ce93e2 (webtiles) character file.

Game seed: 5852657166346727383

494 Shard1697 the Cudgeller (level 6, -10/82 HPs)
             Began as an Armataur Fighter on July 6, 2023.
             Was an Initiate of Gozag.
             Killed from afar by Dowan (18 damage)
             ... with a shard of ice
             ... on level 4 of the Dungeon.
             The game lasted 00:05:02 (3664 turns).

Shard1697 the Cudgeller (Armataur Fighter)          Turns: 3664, Time: 00:05:02

Health: -10/82     AC: 23    Str: 21    XL:     6   Next: 92%
Magic:  6/6        EV:  1    Int:  8    God:    Gozag
Gold:   63         SH:  4    Dex: 12    Spells: 5/5 levels left

rFire   . . .        a - +0 flail
rCold   . . .        c - +0 buckler
rNeg    . . .        o - melded +0 chain mail
rPois   +            g - melded +0 helmet
rElec   .            r - melded +0 cloak
rCorr   .            (gloves currently unavailable)
SInv    .            (no barding)
Will    .....        (no amulet)
Stlth   +            h - +4 ring of slaying
HPRegen 0.33/turn    (no ring)
MPRegen 0.10/turn

%: roll
@: tree-form, gold aura, attractive
A: stationary, stasis, torment immunity, boosted hp, large, rugged brown scales
3, (deformed body), (armoured tail), roll, long tongue, awkward tongue
a: Renounce Religion, Potion Petition, Call Merchant, Bribe Branch


You were on level 4 of the Dungeon.
You worshipped Gozag.
Gozag was noncommittal.
You were a tree.
You visited 2 branches of the dungeon, and saw 5 of its levels.
You also visited: Sewer.

You collected 200 gold pieces.
You spent 72 gold pieces at shops.
You paid 65 gold pieces to Gozag.

Inventory:

Hand Weapons
 a - a +0 flail (weapon)
Missiles
 k - a throwing net
Armour
 c - a +0 buckler (worn)
 g - a +0 helmet (melded)
 o - a +0 chain mail (melded)
 r - a +0 cloak (melded)
Jewellery
 h - a +4 ring of slaying (left branch)
 i - a ring of willpower
Wands
 b - a wand of charming (5)
Scrolls
 d - a scroll of teleportation
 e - 4 scrolls of immolation
 f - a scroll of amnesia
 j - 3 scrolls of fear
 m - a scroll of silence
 q - a scroll of enchant weapon {unknown}
Potions
 l - 8 potions of enlightenment
 n - a potion of attraction
 s - a potion of curing {unknown}


   Skills:
 + Level 4.2 Fighting
 + Level 6.0 Maces & Flails
 - Level 3.6 Armour
 - Level 3.2 Shields


You had 5 spell levels left.
You didn't know any spells.
Your spell library contained the following spells:

 Spells                   Type           Power      Damage    Failure   Level
 Necrotise                Necr           0%         1d4       47%         1
 Sandblast                Erth           0%         2d4       47%         1
 Blink                    Tloc           0%         N/A       63%         2
 Cigotuvi's Dreadful Rot  Necr/Pois/Air  0%         N/A       63%         2
 Lesser Beckoning         Tloc           0%         N/A       63%         2
 Momentum Strike          Conj/Tloc      0%         3d8       63%         2
 Passwall                 Tmut/Erth      0%         N/A       63%         2
 Ignite Poison            Fire/Tmut/Pois 0%         N/A       85%         3
 Stone Arrow              Conj/Erth      0%         3d7       85%         3
 Vampiric Draining        Necr           0%         2d6       85%         3
 Agony                    Necr           0%         N/A       100%        5
 Freezing Cloud           Conj/Ice/Air   0%         6-21      100%        5


Dungeon Overview and Level Annotations

Branches:
Dungeon (4/15)             Temple (1/1) D:4           Sewer (visited)

Altars:
Ashenzari
Cheibriados
Dithmenos
Fedhas
Gozag
Kikubaaqudgha
Makhleb
Nemelex Xobeh
Okawaru
Sif Muna
Trog
Vehumet
Wu Jian
Zin
The Shining One

Shops:
D:3 ?

Annotations:
D:4 Dowan


Innate Abilities, Weirdness & Mutations

You are a tree.
Your roots penetrate the ground, keeping you stationary.
You cannot be teleported.
You are immune to unholy pain and torment.
Your maximum health is greatly increased.
Your equipment is partially melded.
(You are completely covered in rugged brown scales. (AC +3, +7% HP))
((Armour fits poorly on your strangely shaped body.))
((You have a long armoured tail.))
You roll when moving toward enemies. (Rampage)
Your long tongue fully drains potion bottles. (2x potion effects)
Your tongue gives you trouble enunciating. (1.5x scroll delay)


Message History

Dowan hits you with a +1 dagger of protection.
Duvessa hits you with a +0 short sword.
You closely miss Duvessa.
Duvessa is almost dead.
Duvessa hits you but does no damage. Dowan gestures at you while chanting.
The puff of frost hits you. Duvessa barely misses you.
You hit Duvessa.
You kill Duvessa!
Dowan seems overcome with grief.
Dowan seems to find hidden reserves of power!
Dowan is distracted by your dazzling golden aura.
Your Fighting skill increases to level 4!
Your Maces & Flails skill increases to level 6!
You thump Dowan!
Dowan is no longer distracted by gold.
Dowan is heavily wounded.
You block Dowan's attack. Dowan casts a spell at you.
The shard of ice hits you but does no damage.
You hit Dowan.
Dowan is heavily wounded.
Dowan says, "How can I live without her?"
Dowan casts a spell.
Dowan blinks!
Dowan casts a spell at you. The shard of ice hits you!!
* * * LOW HITPOINT WARNING * * *
It was a potion of attraction.
You feel attractive to monsters.
You slurp down every last drop of the potion of attraction!
Dowan hits you but does no damage.
It was a potion of lignification.
You turn into a tree.
Your +0 cloak melds into your body.
Your +0 helmet melds into your body.
Your +0 chain mail melds into your body.
Your roots penetrate the ground.
You slurp down every last drop of the potion of lignification!
Dowan casts a spell at you. The shard of ice hits you!!
You die...
Your body crumbles into a pile of gold.

#####......#.......#
...........#.......# ...
...........#.......#....
...........##...####.....##
..............#............
..............#......).....
#+##.........###...........
...#.............e.....>...
...#.......#....♣#...e.....
...#.....###..>$.###.e...#
...#.......#.....#.....(.#
##+###..............+#####
.....#.......###...#.....#
.....#........#....#....##
.....#.....#..#....#....#
.....#.....#.......#......
##'###.....#.......#......


You could see Dowan (fast).

Vanquished Creatures
  Duvessa (D:4)
  An ogre (D:4)
  A hound (D:4)
  Jessica (D:3)
  13 adders
  3 river rats (Sewer)
  3 worms
  3 dart slugs
  2 orcs (D:4)
  5 bats
  4 endoplasms
  5 giant cockroaches
  5 goblins
  6 hobgoblins
  5 jackals
  10 quokkas
  16 ball pythons
  5 frilled lizards
  8 kobolds
  8 rats
105 creatures vanquished.

Notes
Turn   | Place    | Note
-------+----------+-------------------------------------------
     0 | D:1      | Shard1697 the Armataur Fighter began the quest for the Orb.
     0 | D:1      | Reached XP level 1. HP: 19/19 MP: 1/1
    38 | D:1      | Reached skill level 2 in Maces & Flails
   164 | D:1      | Reached XP level 2. HP: 26/26 MP: 2/2
   166 | D:1      | Found a faded altar of an unknown god.
   670 | D:1      | Reached skill level 3 in Maces & Flails
  1124 | D:2      | Reached XP level 3. HP: 32/32 MP: 3/3
  1367 | D:2      | Reached skill level 4 in Maces & Flails
  1367 | D:2      | Reached XP level 4. HP: 33/39 MP: 4/4
  1929 | D:3      | Found Vantiff's Magic Scroll Emporium.
  1936 | D:3      | Bought a scroll of identify for 24 gold pieces
  1936 | D:3      | Bought a scroll of fear for 48 gold pieces
  1996 | D:3      | Found a glowing drain.
  2005 | Sewer    | Entered a sewer
  2329 | Sewer    | Reached XP level 5. HP: 43/44 MP: 5/5
  2405 | Sewer    | Reached skill level 5 in Maces & Flails
  2953 | D:3      | Noticed Jessica
  2959 | D:3      | Killed Jessica
  3144 | D:4      | Reached XP level 6. HP: 51/54 MP: 6/6
  3268 | D:4      | Found a staircase to the Ecumenical Temple.
  3276 | Temple   | Entered the Ecumenical Temple
  3486 | Temple   | Became a worshipper of Gozag Ym Sagoz the Greedy
  3638 | D:4      | Noticed Duvessa
  3639 | D:4      | Noticed Dowan
  3657 | D:4      | Killed Duvessa
  3658 | D:4      | Reached skill level 6 in Maces & Flails
  3664 | D:4      | Killed from afar by Dowan

Illustrated notes

Levels and vault maps discovered:
D:1:      amcnicky_arrival_abandoned_market, layout_loops_corners,
          shapermc_ecumenical_altar_pompeii
D:2:      wad_pebble_path, layout_basic, minmay_ruptured
D:3:      layout_basic, portal_sewer_entry_d, serial_shops,
          nicolae_shop_waterfront, grunt_ministairs_5, kennysheep_jessica_study
D:4:      kennysheep_big_flooded_room, layout_gridville,
          minmay_temple_entry_tees, minmay_quadrilaterals, uniq_duvessa,
          uniq_blork_the_orc
Temple:   mainiacjoe_temple_cubbyholes

Skill      XL: |  1  2  3  4  5  6 |
---------------+-------------------+-----
Maces & Flails | 2 3 4 5 6 |  6.0
Fighting       | 3 4 |  4.2
Armour         | |  3.6
Shields        | |  3.2

Action                     |  1- 3 |  4- 6 || total
---------------------------+-------+-------++-------
  Melee: Flail             |   109 |   158 ||   267
         Tailslap          |     4 |    14 ||    18
    Use: Scroll            |       |     5 ||     5
         Potion            |       |     3 ||     3
 Armour: Scale mail        |    45 |    90 ||   135
         Chain mail        |       |    17 ||    17
  Dodge: Dodged            |    28 |    84 ||   112
  Block: Buckler           |    23 |    45 ||    68

Table legend: (Time is in decaauts)
 A = Elapsed time spent in this place.
 B = Non-inter-level travel time spent in this place.
 C = Inter-level travel time spent in this place.
 D = Time resting spent in this place.
 E = Time spent auto-exploring this place.
 F = Levels seen in this place.
 G = Mean time per level.
                   A        B        C        D        E       F      G
               +--------+--------+--------+--------+--------+-----+--------+
         Total |   3725 |   3597 |    128 |    352 |   2398 |   6 |  620.8 |
       Dungeon |   2782 |   2671 |    111 |      0 |   2085 |   4 |  695.5 |
        Temple |    228 |    211 |     17 |      0 |    200 |   1 |  228.0 |
         Sewer |    714 |    714 |      0 |    352 |    113 |   1 |  714.0 |
               +--------+--------+--------+--------+--------+-----+--------+

Top non-repeatable levels by time:
     D:1: 981 daAuts
     D:2: 883 daAuts
   Sewer: 714 daAuts
     D:3: 545 daAuts
     D:4: 372 daAuts
  Temple: 228 daAuts
